 Dungeon Crawl Stone Soup version 0.31-a0-233-g139696dc86 (webtiles) character file.

Game seed: 11847757962451520945

313 qw the Shooter (level 6, -1/37 HPs)
             Began as a Gargoyle Hexslinger on July 8, 2023.
             Shot with an arrow by a centaur (5 damage)
             ... on level 5 of the Dungeon.
             The game lasted 00:01:10 (3102 turns).

qw the Shooter (Gargoyle Hexslinger)                Turns: 3102, Time: 00:01:11

Health: -1/37      AC: 10    Str: 17    XL:     6   Next: 43%
Magic:  7/7        EV: 11    Int: 20    God:
Gold:   176        SH:  0    Dex: 14    Spells: 6/7 levels left

rFire   + . .        Y - +3 sling
rCold   . . .        (no shield)
rNeg    + . .        g - +0 ring mail
rPois   inf          (no helmet)
rElec   +            (no cloak)
rCorr   .            k - +0 pair of gloves
SInv    .            (no boots)
Will    .....        j - amulet of faith
Stlth   +            i - +6 ring of strength
HPRegen 0.26/turn    d - ring "Elamnamp" {rF+ Int+6}
MPRegen 0.10/turn

%: faith
@: no status effects
A: sickness immunity, AC +4, negative energy resistance 1, electricity
resistance, torment resistance 1, petrification resistance
a: no special abilities


You were on level 5 of the Dungeon.
You visited 1 branch of the dungeon, and saw 5 of its levels.

You collected 176 gold pieces.


Innate Abilities, Weirdness & Mutations

You are immune to sickness and miasma.
Your stone body is resilient. (AC +4)
You are immune to poison.
You resist negative energy. (rN+)
You are resistant to electric shocks. (rElec)
You are resistant to unholy torment.
You are immune to petrification.


   Skills:
 - Level 3.0 Fighting
 + Level 5.8 Ranged Weapons
 - Level 1.2 Armour
 - Level 1.5 Dodging
 - Level 1.0 Spellcasting
 - Level 2.6 Hexes


You had 6 spell levels left.
You knew the following spells:

 Your Spells              Type           Power      Damage    Failure   Level
a - Slow                  Hex            44%        N/A       11%         1

Your spell library contained the following spells:

 Spells                   Type           Power      Damage    Failure   Level
 Inner Flame              Hex/Fire       6%         N/A       50%         3
 Portal Projectile        Hex/Tloc       12%        N/A       50%         3
 Cause Fear               Hex            5%         N/A       71%         4

Inventory:

Hand Weapons
 Y - a +3 sling (weapon)
Armour
 g - a +0 ring mail (worn)
 k - a +0 pair of gloves (worn)
Jewellery
 d - the ring "Elamnamp" (right hand) {rF+ Int+6}
   (You acquired it on level 4 of the Dungeon)

   [ring of intelligence]

   Int:       It affects your intelligence (+6).
   rF:        It protects you from fire.
 i - a +6 ring of strength (left hand)
 j - an amulet of faith (around neck)
Scrolls
 a - a scroll of identify
Potions
 c - 2 potions of haste
 e - a potion of berserk rage {unknown}
 f - a potion of heal wounds {unknown}
 l - a potion of brilliance {unknown}

Dungeon Overview and Level Annotations

Branches:
Dungeon (5/15)
 Temple: D:4-7

Altars:

Annotations:
D:4 2 transporters, qw's ghost, amateur GrHs
D:5 Dowan; Duvessa


Message History

Duvessa is moderately wounded.
Duvessa hits you with a +0 short sword!
You shoot a sling bullet. The sling bullet hits Duvessa.
Duvessa is moderately wounded.
Duvessa hits you with a +0 short sword.
You shoot a sling bullet. The sling bullet barely misses Duvessa.
Duvessa hits you with a +0 short sword.
You shoot a sling bullet. The sling bullet hits Duvessa!
Duvessa is heavily wounded.
Duvessa closely misses you. Duvessa hits you with a +0 short sword.
You shoot a sling bullet. The sling bullet hits Duvessa!
Duvessa is severely wounded.
Duvessa hits you but does no damage.
You shoot a sling bullet. The sling bullet hits Duvessa.
Duvessa is almost dead.
Duvessa hits you with a +0 short sword.
You shoot a sling bullet.
The sling bullet closely misses Duvessa.
Duvessa closely misses you.
A centaur comes into view.
You shoot a sling bullet. The centaur shouts!
The sling bullet hits Duvessa but does no damage.
Duvessa is almost dead.
The centaur wields a +0 shortbow.
The centaur shoots an arrow.
The arrow barely misses you. Duvessa barely misses you.
Dowan, Brother of Duvessa comes into view.
He is wielding a +0 dagger.
The centaur shoots an arrow.
The arrow hits you.
You shoot a sling bullet. The sling bullet barely misses Duvessa.
Dowan shouts!
Duvessa closely misses you.
A jelly comes into view.
Dowan whispers, "It won't be long now."
The centaur shoots an arrow.
The arrow barely misses you.
Dowan drinks a potion.
Dowan seems to speed up.
Duvessa hits you with a +0 short sword.
You shoot a sling bullet.
The sling bullet hits Duvessa but does no damage.
Duvessa is almost dead.
The centaur shoots an arrow.
The arrow hits you.
You die...

#.##########.
#(............ #
#.............
#.#.............
#.c.............
#.."............
................
......e@........
.Je....!<.......
................
................
^............[..
................
................
................
...............


You could see Duvessa, Dowan (fast), a centaur and a jelly.

Vanquished Creatures
  3 jellies
  A sleepcap (D:3)
  An orc wizard (D:3)
  4 adders
  6 gnolls
  An ufetubus (D:4)
  A worm (D:4)
  4 dart slugs
  3 orcs (D:3)
  8 ball pythons
  9 endoplasms
  3 giant cockroaches
  3 goblins
  4 hobgoblins
  3 jackals (D:3)
  2 quokkas
  5 bats
  2 frilled lizards (D:1)
  2 kobolds
  2 rats (D:2)
67 creatures vanquished.

Notes
Turn   | Place    | Note
-------+----------+-------------------------------------------
     0 | D:1      | qw the Gargoyle Hexslinger began the quest for the Orb.
     0 | D:1      | Reached XP level 1. HP: 12/12 MP: 2/2
     0 | D:1      | 0 ||| qw: Version: 0.3-a-46-gb1f654a
     0 | D:1      | 0 ||| qw: Game counter: 3716
     0 | D:1      | 0 ||| qw: Melee chars always use a shield: true
     0 | D:1      | 0 ||| qw: God list: Okawaru
     0 | D:1      | 0 ||| qw: Allow faded altars: false
     0 | D:1      | 0 ||| qw: Do Orc after clearing Dungeon:15 true
     0 | D:1      | 0 ||| qw: Do second Lair branch before Depths: true
     0 | D:1      | 0 ||| qw: Lair rune preference: random
     0 | D:1      | 0 ||| qw: Goals: Normal
     0 | D:1      | 0 ||| PLANNING D:1-11
   144 | D:1      | Reached XP level 2. HP: 16/16 MP: 3/3
   254 | D:1      | Reached skill level 3 in Ranged Weapons
   288 | D:1      | You fall into a shaft and drop 1 floor!
   441 | D:2      | 441 ||| UPGRADING to +0 leather armour.
   451 | D:2      | 451 ||| DROPPING +0 robe.
   452 | D:2      | 452 ||| UPGRADING to +0 ring mail.
   462 | D:2      | 462 ||| DROPPING +0 leather armour.
   463 | D:2      | 463 ||| UPGRADING to amulet of guardian spirit.
   468 | D:2      | 468 ||| READING scroll labelled MEOMAE QUTUF.
   469 | D:2      | 469 ||| READING scroll labelled FAPOVA YREISCHOZ.
   474 | D:2      | 474 ||| DROPPING scroll of poison.
   840 | D:1      | 840 ||| READING scroll labelled YLUQOX DIMEAPN.
   885 | D:2      | 885 ||| STAIRDANCE
   893 | D:1      | Reached XP level 3. HP: 13/21 MP: 2/4
  1076 | D:2      | Found a faded altar of an unknown god.
  1568 | D:2      | 1568 ||| UPGRADING to +6 ring of strength.
  1569 | D:2      | 1569 ||| READING scroll labelled JESSIEBBUI.
  1670 | D:2      | 1670 ||| READING 2 scrolls of identify.
  1670 | D:2      | 1670 ||| IDENTIFYING brown potion
  1728 | D:3      | HP: 5/21 [gnoll/+0 flail (7)]
  1729 | D:3      | 1729 ||| READING scroll of teleportation.
  1730 | D:3      | HP: 2/21 [gnoll/+0 spear (4)]
  1732 | D:3      | Reached XP level 4. HP: 3/26 MP: 1/5
  1869 | D:3      | Reached skill level 4 in Ranged Weapons
  1974 | D:3      | Reached skill level 1 in Armour
  2059 | D:3      | Reached XP level 5. HP: 30/30 MP: 6/6
  2260 | D:3      | Reached skill level 5 in Ranged Weapons
  2404 | D:3      | 2404 ||| READING scroll of enchant weapon.
  2404 | D:3      | 2404 ||| ENCHANTING +2 sling.
  2536 | D:3      | 2536 ||| UPGRADING to +0 pair of gloves.
  2541 | D:3      | 2541 ||| DROPPING ring of wizardry.
  2542 | D:3      | 2542 ||| READING 2 scrolls labelled OPEOBU QOLARATE.
  2543 | D:3      | 2543 ||| DRINKING 2 clear potions.
  2544 | D:3      | 2544 ||| DROPPING scroll of immolation.
  2545 | D:3      | 2545 ||| DROPPING potion of attraction.
  2602 | D:4      | 2602 ||| STAIRDANCE
  2690 | D:4      | Reached skill level 3 in Fighting
  2719 | D:4      | Noticed qw's ghost (amateur GrHs)
  2719 | D:4      | Found a transporter.
  2757 | D:4      | Reached XP level 6. HP: 37/37 MP: 7/7
  2951 | D:4      | Found a transporter.
  3053 | D:4      | 3053 ||| UPGRADING to amulet of faith.
  3063 | D:4      | 3063 ||| DROPPING amulet of guardian spirit.
  3064 | D:4      | 3064 ||| READING scroll labelled VEOV TOMAIROTAQ.
  3065 | D:4      | 3065 ||| READING scroll labelled FALECON HIRPH.
  3065 | D:4      | Identified a scroll of acquirement
  3065 | D:4      | 3065 ||| ACQUIRING ring "Elamnamp" {rF+ Int+6}
  3065 | D:4      | Acquired the ring "Elamnamp" {rF+ Int+6}
  3067 | D:4      | 3067 ||| UPGRADING to ring "Elamnamp" {rF+ Int+6}.
  3068 | D:4      | 3068 ||| READING 2 scrolls of identify.
  3068 | D:4      | 3068 ||| IDENTIFYING fizzy yellow potion
  3069 | D:4      | 3069 ||| DROPPING potion of degeneration.
  3086 | D:5      | Entered Level 5 of the Dungeon
  3087 | D:5      | Noticed Duvessa
  3100 | D:5      | Noticed Dowan
  3100 | D:5      | HP: 4/37 [centaur/arrow (6)]
  3102 | D:5      | Shot with an arrow by a centaur

Levels and vault maps discovered:
D:1:      sevenhm_arrival_forest_fort_small_6, layout_loops_ring
D:2:      layout_basic, shapermc_ecumenical_altar_venn, grunt_ministairs_6
D:3:      layout_loops_ring, roderic_serpentine_path, serial_park_tiny_1
D:4:      layout_rooms, gammafunk_ghost_arena
D:5:      layout_basic, serial_shops, shop, uniq_duvessa

Skill      XL: |  1  2  3  4  5 |
---------------+----------------+-----
Ranged Weapons | 3 4 5 |  5.8
Fighting       | 2 3 |  3.0
Armour         | 1 |  1.2
Dodging        | |  1.5
Spellcasting   | |  1.0
Hexes          | |  2.6

Action                     |  1- 3 |  4- 6 || total
---------------------------+-------+-------++-------
   Fire: Sling             |   133 |   146 ||   279
    Use: Scroll            |     6 |     5 ||    11
         Potion            |       |     1 ||     1
 Armour: Ring mail         |    32 |    44 ||    76
         Robe              |     9 |       ||     9
  Dodge: Dodged            |    54 |    57 ||   111

Table legend:
 A = Non-vault XP
 B = Vault XP
 C = Vault XP percentage of total XP
 D = Non-vault monster count
 E = Vault monster count
 F = Vault count percentage of total count
                 A         B        C        D         E       F
            +---------+---------+-------+---------+---------+-------
      Total |     446 |       2 |   0.4 |      65 |       2 |   3.0
            +---------+---------+-------+---------+---------+-------
        D:1 |      32 |       0 |   0.0 |      19 |       0 |   0.0
        D:2 |      30 |       2 |   6.2 |       9 |       2 |  18.2
        D:3 |     217 |       0 |   0.0 |      25 |       0 |   0.0
        D:4 |     167 |       0 |   0.0 |      12 |       0 |   0.0
            +---------+---------+-------+---------+---------+-------
